 Dungeon Crawl Stone Soup version 0.17-a0-1184-gb75be8f (webtiles) character file.

616 Zwobot the Shooter (level 7, 0/63 HPs)
             Began as a Centaur Arcane Marksman on June 1, 2015.
             Was a Follower of Okawaru.
             Shot with an arrow of flame by a centaur (11 damage)
             ... on level 5 of the Dungeon.
             The game lasted 00:19:18 (4890 turns).

Zwobot the Shooter (Centaur Arcane Marksman)        Turns: 4890, Time: 00:19:18

Health: 0/63       AC:  6    Str: 16    XL:     7   Next: 21%
Magic:  6/8        EV: 11    Int: 14    God:    Okawaru [*.....]
Gold:   224        SH:  0    Dex:  8    Spells: 2 memorised, 5 levels left

rFire  . . .     SeeInvis .     p - +8 dagger "Egom" {flame, -Tele rElec Int+2}
rCold  . . .     Clarity  .     f - +0 robe
rNeg   . . .     SustAt   .     (no shield)
rPois  .         Gourm    .     t - +0 helmet (curse)
rElec  +         Spirit   .     g - +0 cloak
rCorr  .         Warding  .     (no gloves)
rMut   .         NoTele   +     (no barding)
MR     .....                    o - amulet of faith
Stlth  +.........               (no ring)
                                (no ring)

@: heroism, very quick, not resistant to hostile enchantments, very unstealthy
A: hooves 3, deformed body, speed 2, tough skin 3
a: Heroism, Renounce Religion


You were on level 5 of the Dungeon.
You worshipped Okawaru.
Okawaru was aware of your devotion.
You were hungry.

You visited 2 branches of the dungeon, and saw 6 of its levels.

You collected 224 gold pieces.

Inventory:

Hand weapons
 a - a +1 dagger of venom
 b - a +0 shortbow
 h - a +0 mace
 j - a +0 dagger
 p - the +8 dagger "Egom" (weapon) {flame, -Tele rElec Int+2}
   (You found it on level 5 of the Dungeon)

   It has been specially enchanted to burn those struck by it, causing extra
   injury to most foes and up to half again as much damage against particularly
   susceptible opponents.
   It affects your intelligence (+2).
   It insulates you from electricity.
   It prevents most forms of teleportation.
 s - a +0 trident
 u - a +0 scimitar
 w - a +0 halberd of protection
 x - a +2 vampiric whip
Missiles
 c - 12 arrows
 i - 3 arrows of frost
 A - 12 poisoned needles
Armour
 f - a +0 robe (worn)
 g - a +0 cloak (worn)
 t - a cursed +0 helmet (worn)
Jewellery
 o - an amulet of faith (around neck)
Scrolls
 k - 2 scrolls of teleportation {unknown}
 m - a scroll of magic mapping {unknown}
 q - a scroll of immolation {unknown}
 v - a scroll of recharging {unknown}
 y - a scroll of random uselessness {unknown}
 z - a scroll of fear {unknown}
Potions
 l - a potion of brilliance
 n - a potion of degeneration {unknown}
Books
 d - a book of Debilitation

   Spells                             Type                      Level
   a - Corona                         Hexes                        1
   b - Slow                           Hexes                        2
   c - Gell's Gravitas                Hexes/Translocation          3
   d - Inner Flame                    Hexes/Fire                   3
   e - Cause Fear                     Hexes                        4
   f - Leda's Liquefaction            Hexes/Earth                  4
Comestibles
 B - a bread ration


   Skills:
 + Level 6.0(11.0) Fighting
 - Level 7.0(12.0) Bows
 - Level 1.3(6.3) Dodging
 - Level 1.0 Spellcasting
 - Level 2.6 Hexes


You had 5 spell levels left.
You knew the following spells:

 Your Spells              Type           Power        Failure   Level  Hunger
a - Corona                Hex            #......      12%         1    ##.....
b - Slow                  Hex            #.......     17%         2    ###....


Dungeon Overview and Level Annotations

Branches:
Dungeon (5/15)             Temple (1/1) D:5

Altars:
Ashenzari
Cheibriados
Dithmenos
Elyvilon
Gozag
Nemelex Xobeh
Okawaru
Sif Muna
Trog
Vehumet
Zin

Annotations:
D:3 MordorOrchid's ghost, average MiBe
D:4 1 exclusion, Blork the orc, Sigmund


Innate Abilities, Weirdness & Mutations

You have hooves in place of feet.
Armour fits poorly on your strangely shaped body.
You cover ground very quickly.
You have extremely tough skin (AC +3).


Message History

Drink which item? (? for menu, Esc to quit)
Okay, then.
You aren't carrying any items that can be evoked without being wielded.
Read which item? (? for menu, Esc to quit)
Okay, then.
Throwing (i - inventory):
r - a throwing net (quivered)
Press: ? - help, Shift-Dir - straight line, f - centaur
Aim: a centaur, wielding a shortbow You throw a throwing net.
The throwing net closely misses the centaur.
The centaur shoots an arrow of flame.
The arrow of flame barely misses you.
The centaur shoots an arrow of flame.
The arrow of flame hits you!
* * * LOW HITPOINT WARNING * * *
The arrow of flame burns you.
* * * LOW HITPOINT WARNING * * *
You see here an arrow of flame.
Drink which item? (? for menu, Esc to quit)
You feel better.
The centaur shoots an arrow of flame.
The arrow of flame hits you!
You die...

........##
.........### ###
...#.......#####..#
.........(...#....#
........(.........
.........(.....#
........)......#
............)..#
..#.........@..# #
###.............#
##......c....##
###....(##.$#
##.#.## #.# .##.#
#.# ## #.# ## ##


You could see a centaur.

Vanquished Creatures
  Purgy (D:3)
  3 hounds (D:5)
  4 giant frog skeletons
  An orc priest (D:4)
  2 worker ants
  An orc wizard (D:3)
  3 adders
  8 gnolls
  A worm (D:2)
  7 orcs
  9 bats
  A bat skeleton (D:4)
  6 giant cockroaches
  4 goblins
  8 hobgoblins
  24 jackals
  3 quokkas
  A ball python (D:1)
  4 giant geckos
  2 giant newts
  9 kobolds
  2 quokka skeletons
  11 rats
115 creatures vanquished.

Notes
Turn   | Place    | Note
--------------------------------------------------------------
     0 | D:1      | Zwobot the Centaur Arcane Marksman began the quest for the Orb.
     0 | D:1      | Reached XP level 1. HP: 16/16 MP: 2/2
    26 | D:1      | Reached skill level 3 in Bows
   324 | D:1      | Reached XP level 2. HP: 21/23 MP: 3/3
   654 | D:1      | Reached XP level 3. HP: 26/29 MP: 4/4
   667 | D:1      | Reached skill level 4 in Bows
   939 | D:2      | Learned a level 2 spell: Slow
  1373 | D:2      | You fall through a shaft for 2 floors!
  1401 | D:4      | Reached XP level 4. HP: 37/37 MP: 5/5
  1628 | D:4      | Noticed Blork the orc
  1638 | D:5      | Entered Level 5 of the Dungeon
  1744 | D:5      | Found a staircase to the Ecumenical Temple.
  1751 | Temple   | Entered the Ecumenical Temple
  1822 | Temple   | Became a worshipper of Warmaster Okawaru
  2119 | D:5      | Reached skill level 5 in Bows
  2188 | D:4      | Found an opulent altar of Gozag.
  2364 | D:4      | Reached XP level 5. HP: 41/45 MP: 4/6
  2435 | D:4      | Noticed Sigmund
  3018 | D:4      | Reached skill level 6 in Bows
  3116 | D:3      | Found a white marble altar of Elyvilon.
  3117 | D:3      | Found a snail-covered altar of Cheibriados.
  3124 | D:3      | Found a deep blue altar of Sif Muna.
  3124 | D:3      | Found a glowing silver altar of Zin.
  3125 | D:3      | Found a radiant altar of Vehumet.
  3144 | D:3      | Reached XP level 6. HP: 40/52 MP: 7/7
  3148 | D:3      | Acquired Okawaru's first power
  3547 | D:3      | Noticed Purgy
  3562 | D:3      | Killed Purgy
  3707 | D:3      | Noticed MordorOrchid's ghost (average MiBe)
  3922 | D:4      | Reached skill level 5 in Fighting
  3922 | D:4      | Reached skill level 7 in Bows
  4340 | D:4      | Reached XP level 7. HP: 51/61 MP: 8/8
  4881 | D:5      | Got a blackened dagger
  4882 | D:5      | Identified the +8 dagger "Egom" {flame, -Tele rElec Int+2} (You found it on level 5 of the Dungeon)
  4883 | D:5      | Noticed a centaur
  4890 | D:5      | Shot with an arrow of flame by a centaur

Vault maps used:
D:1:      dpeg_arrival_tiny_a, minmay_misc_feat_rows
D:2:      lemuel_round_altar, nicolae_ru_great_annihilating_truth
D:3:      grunt_temple_overflow_open, uniq_purgy
D:4:      lemuel_castle_with_subvaults, grunt_gozag_breadcrumbs,
          gup_sewer_entry_glass, serial_bayou_lagoon_a, uniq_crazy_yiuf_cottage,
          uniq_sigmund, uniq_blork_the_orc
D:5:      minmay_temple_entry_enclosed_plants, first_bread
Temple:   nicolae_temple_hex_pool_5

Action                   |  1- 3 |  4- 6 |  7- 9 || total
-------------------------+-------+-------+-------++-------
Melee: Dagger            |    66 |   203 |    31 ||   300
       Mace              |    29 |       |       ||    29
       Halberd           |       |     1 |       ||     1
 Fire: Shortbow          |    37 |    31 |    15 ||    83
Throw: Throwing net      |       |       |     1 ||     1
 Cast: Corona            |    14 |     5 |       ||    19
Invok: Heroism           |       |     3 |     1 ||     4
  Use: Scroll            |     2 |     1 |       ||     3
       Potion            |       |       |     1 ||     1
  Eat: Chunk             |     2 |     4 |     1 ||     7
       Bread ration      |       |     1 |       ||     1
